 Dungeon Crawl Stone Soup version 0.31-a0-152-g6aa68a64a1 (webtiles) character file.

Game seed: 6189039105467007627

18 qw the Shooter (level 2, 0/26 HPs)
             Began as a Naga Hunter on June 10, 2023.
             Slain by a giant cockroach (2 damage)
             ... on level 1 of the Dungeon.
             The game lasted 00:00:03 (282 turns).

qw the Shooter (Naga Hunter)                         Turns: 282, Time: 00:00:04

Health: 0/26       AC:  2    Str: 13    XL:     2   Next: 66%
Magic:  2/2        EV:  9    Int:  9    God:
Gold:   0          SH:  0    Dex: 14    Spells: 1/1 levels left

rFire   . . .        a - +0 shortbow
rCold   . . .        (shield currently unavailable)
rNeg    . . .        c - +0 leather armour
rPois   +            (no helmet)
rElec   .            (no cloak)
rCorr   .            (no gloves)
SInv    +            (no barding)
Will    .....        (no amulet)
Stlth   ++           (no ring)
HPRegen 0.24/turn    (no ring)
MPRegen 0.08/turn

%: no passive effects
@: short of breath, very slow
A: AC +0, large, see invisible, deformed body, poison resistance, slowness 2,
spit poison 1, naga tail 1
a: Spit Poison


You were on level 1 of the Dungeon.
You visited 1 branch of the dungeon, and saw 1 of its levels.


Innate Abilities, Weirdness & Mutations

Your serpentine skin is tough. (AC +0)
You have supernaturally acute eyesight. (SInv)
Armour fits poorly on your strangely shaped body.
Your system is resistant to poisons. (rPois)
You cover ground very slowly.
You can spit poison.
You have a snake-like lower body.


   Skills:
 - Level 2.0 Fighting
 + Level 4.3 Ranged Weapons
 - Level 1.5 Dodging
 - Level 1.5 Stealth


You had one spell level left.
You didn't know any spells.
Your spell library was empty.

Inventory:

Hand Weapons
 a - a +0 shortbow (weapon)
Armour
 c - a +0 leather armour (worn)
Scrolls
 b - a scroll of butterflies
Potions
 d - a potion of haste {unknown}

Dungeon Overview and Level Annotations

Branches:
Dungeon (1/15)

Altars:


Message History

The endoplasm is severely wounded.
You hear a shout!
The giant cockroach closely misses you.
A gnoll comes into view. It is wielding a +0 flail.
You shoot an arrow.
The arrow closely misses the giant cockroach.
The arrow hits the endoplasm.
You kill the endoplasm!
The giant cockroach bites you. The giant cockroach barely misses you.
Your Ranged Weapons skill increases to level 4!
You have reached level 2!
You shoot an arrow.
The arrow barely misses the giant cockroach.
The giant cockroach closely misses you.
You shoot an arrow. The arrow barely misses the gnoll.
You have got your breath back.
The giant cockroach barely misses you. The gnoll hits you with a +0 flail! x2
The giant cockroach barely misses you.
278 ||| INVOKING Spit Poison.
Aiming: Spit Poison (2% risk of failure)
Press: ? - help, Shift-Dir - straight line, f/p - gnoll The splash of poison hits the gnoll but does no damage.
The gnoll is poisoned.
The giant cockroach completely misses you.
The gnoll hits you with a +0 flail.
A quokka comes into view.
You shoot an arrow. The arrow hits the gnoll.
The gnoll is moderately wounded.
The giant cockroach bites you. The gnoll barely misses you.
You shoot an arrow. The arrow hits the gnoll!
You kill the gnoll!
The giant cockroach closely misses you. The giant cockroach bites you.
You shoot an arrow. The arrow hits the quokka!
You kill the quokka!
The giant cockroach closely misses you.
You shoot an arrow.
The arrow hits the giant cockroach but does no damage.
The giant cockroach bites you but does no damage.
The giant cockroach bites you.
You die...

#.......#+ #.........##.#
.....###...#######.........##.#
#...# ##..#....#..........##.#
..#.. #...^##...............# .
#. #...######..........#### ##
......###. ##.........###
#.....## #.####...).......#
###.## #B#.'#........#.### #.
#@####...........> # #.)##
###.......### #[## ####..#.# #
####.# #.# #.# ##.# #..# ###
##.#


You could see a giant cockroach.

Vanquished Creatures
  A gnoll (D:1)
  A ball python (D:1)
  2 endoplasms (D:1)
  A goblin (D:1)
  A quokka (D:1)
  A frilled lizard (D:1)
  A rat (D:1)
8 creatures vanquished.

Notes
Turn   | Place    | Note
-------+----------+-------------------------------------------
     0 | D:1      | qw the Naga Hunter began the quest for the Orb.
     0 | D:1      | Reached XP level 1. HP: 19/19 MP: 1/1
     0 | D:1      | 0 ||| qw: Version: 0.2-a-29-gd901d54
     0 | D:1      | 0 ||| qw: Game counter: 3992
     0 | D:1      | 0 ||| qw: Always use a shield: true
     0 | D:1      | 0 ||| qw: God list: Okawaru
     0 | D:1      | 0 ||| qw: Allow faded altars: false
     0 | D:1      | 0 ||| qw: Do Orc after D:15 true
     0 | D:1      | 0 ||| qw: Do second Lair branch before Depths: true
     0 | D:1      | 0 ||| qw: Lair rune preference: random
     0 | D:1      | 0 ||| qw: Plans: Normal
     0 | D:1      | 0 ||| PLANNING D:1-11
    76 | D:1      | 76 ||| INVOKING Spit Poison.
   130 | D:1      | 130 ||| INVOKING Spit Poison.
   149 | D:1      | 149 ||| INVOKING Spit Poison.
   273 | D:1      | 273 ||| INVOKING Spit Poison.
   276 | D:1      | Reached skill level 4 in Ranged Weapons
   276 | D:1      | Reached XP level 2. HP: 24/26 MP: 2/2
   278 | D:1      | 278 ||| INVOKING Spit Poison.
   278 | D:1      | HP: 3/26 [gnoll/+0 flail (4)]
   280 | D:1      | HP: 1/26 [giant cockroach (1)]
   282 | D:1      | Slain by a giant cockroach

Levels and vault maps discovered:
D:1:      dpeg_cavernosity, layout_loops_ring, minmay_gold_behind_fungi,
          minmay_misc_feat_doors

Skill      XL: |  1 |
---------------+----+-----
Ranged Weapons | 4 |  4.3
Fighting       | |  2.0
Dodging        | |  1.5
Stealth        | |  1.5

Action                     || total
---------------------------++-------
   Fire: Shortbow          ||    12
Ability: Spit Poison       ||     5
 Armour: Leather armour    ||     2
  Dodge: Dodged            ||    10

Table legend:
 A = Non-vault XP
 B = Vault XP
 C = Vault XP percentage of total XP
 D = Non-vault monster count
 E = Vault monster count
 F = Vault count percentage of total count
                 A         B        C        D         E       F
            +---------+---------+-------+---------+---------+-------
      Total |       8 |      18 |  69.2 |       5 |       3 |  37.5
            +---------+---------+-------+---------+---------+-------
        D:1 |       8 |      18 |  69.2 |       5 |       3 |  37.5
            +---------+---------+-------+---------+---------+-------
